 Dungeon Crawl Stone Soup version 0.21.1-1-g345015f (webtiles) character file.

436766 Inarius the Slayer (level 24, -14/246 (247) HPs)
             Began as a Ghoul Monk on Feb 4, 2018.
             Was the Champion of Makhleb.
             Shot with a bolt by a yaktaur captain (27 damage)
             ... on level 2 of the Depths on Feb 5, 2018.
             The game lasted 04:04:31 (54307 turns).

Inarius the Slayer (Ghoul Monk)                    Turns: 54307, Time: 04:04:33

HP:   -14/246 (247) AC: 30    Str: 31    XL:     24   Next: 2%
MP:   32/32         EV: 13    Int:  5    God:    Makhleb [******]
Gold: 4731          SH: 16    Dex: 11    Spells: 23/23 levels left

rFire    + + +     SeeInvis .   p - +18 lance "Wyrmbane" {slay drac, rPois rF+ rC+ AC+3}
rCold    + + .     Gourm    .   L - +0 shield
rNeg     + + +     Faith    .   m - +4 fire dragon scales {Xtahua}
rPois    ∞         Spirit   .   D - +2 hat of the Hot Ocelot {rPois rC+ Str+2}
rElec    .         Reflect  +   A - +2 cloak {MR+}
rCorr    .         Harm     .   P - +0 pair of gloves
MR       +++..                  g - +2 pair of boots
Stlth    +.........             Z - +4 amulet of reflection
HPRegen  0.00/turn              Y - +3 ring of strength
MPRegen  0.23/turn              E - ring of protection from magic

@: very slightly contaminated, rotting
A: rotting body, claws 1, carnivore, cold resistance 1, negative energy
resistance 3, inhibited regeneration, torment resistance, unbreathing
}: 2/15 runes: decaying, gossamer
a: Minor Destruction, Lesser Servant of Makhleb, Major Destruction, Greater
Servant of Makhleb, Renounce Religion


You were on level 2 of the Depths.
You worshipped Makhleb.
Makhleb was exalted by your worship.
You were not hungry.

You visited 10 branches of the dungeon, and saw 43 of its levels.
You visited 1 bazaar.
You also visited: Ice Cave.

You collected 6255 gold pieces.
You spent 1524 gold pieces at shops.

Inventory:

Hand Weapons
 p - the +18 lance "Wyrmbane" (weapon) {slay drac, rPois rF+ rC+ AC+3}
   (You found it on level 4 of the Dungeon)

   It affects your AC (+3).
   It protects you from fire.
   It protects you from cold.
   It protects you from poison.
Armour
 g - a +2 pair of boots (worn)
 m - +4 fire dragon scales (worn) {Xtahua}
 A - a +2 cloak of magic resistance (worn)
 D - the +2 hat of the Hot Ocelot (worn) {rPois rC+ Str+2}
   (You bought it in a shop in a bazaar)

   It affects your strength (+2).
   It protects you from cold.
   It protects you from poison.
 H - a +3 plate armour
 L - a +0 shield (worn)
 P - a +0 pair of gloves (worn)
Jewellery
 w - an uncursed ring of resist corrosion
 E - a ring of protection from magic (right hand)
 I - an uncursed ring of protection from fire
 M - an uncursed ring of fire
 O - the ring "Hygguw" {rN+ Slay+2}
   (You found it on level 3 of the Crypt)

   [ring of positive energy]

   It affects your accuracy and damage with ranged weapons and melee attacks
   (+2).
   It protects you from negative energy.
 Y - a +3 ring of strength (left hand)
 Z - a +4 amulet of reflection (around neck)
Wands
 f - a wand of paralysis (81)
 i - a wand of acid (10)
 v - a wand of iceblast (74)
 x - a wand of disintegration (60)
 y - a wand of polymorph (35)
 F - a wand of clouds (16)
 J - a wand of random effects (21)
 N - a wand of digging (16)
 Q - a wand of enslavement (11)
 S - a wand of scattershot (18)
Scrolls
 c - 10 scrolls of teleportation
 d - 7 scrolls of immolation
 k - 15 scrolls of enchant armour
 n - 24 scrolls of remove curse
 r - 14 scrolls of identify
 t - 4 scrolls of blinking
 U - a scroll of summoning
 X - 3 scrolls of torment
Potions
 a - 4 potions of cancellation
 j - 9 potions of curing
 l - 10 potions of flight
 o - 4 potions of ambrosia
 q - 3 potions of haste
 s - 2 potions of agility
 z - 7 potions of brilliance
 B - a potion of might
 C - 5 potions of invisibility
 G - 2 potions of heal wounds
 K - 6 potions of resistance
Miscellaneous
 R - 2 phantom mirrors
Comestibles
 b - 68 rations


   Skills:
 * Level 26.8 Fighting
 + Level 20.0 Polearms
 - Level 0.8 Throwing
 - Level 12.1 Armour
 + Level 8.5 Dodging
 - Level 5.0 Stealth
 - Level 8.0 Shields
 - Level 5.6 Unarmed Combat
 + Level 14.6 Invocations


You had 23 spell levels left.
You didn't know any spells.

Dungeon Overview and Level Annotations

Branches:
Dungeon (15/15)            Temple (1/1) D:6            Lair (6/6) D:8
  Swamp (4/4) Lair:4       Spider (4/4) Lair:3        Slime (0/5) Lair:6
    Orc (2/2) D:9             Elf (2/3) Orc:2        Vaults (4/5) D:14
  Crypt (3/3) Vaults:3       Tomb (0/3) Crypt:3      Depths (2/5) D:15

Altars:
Ashenzari
Dithmenos
Elyvilon
Gozag
Kikubaaqudgha
Makhleb
Okawaru
Qazlal
Ru
Vehumet
Wu Jian
Yredelemnul
The Shining One

Shops:
D:6 =!   D:10 (   Orc:2 *((!(   Vaults:1 [   Vaults:4 [   Depths:1 }=}

Portals:
Hell: Lair:6 Depths:1
Abyss: Depths:1


Innate Abilities, Weirdness & Mutations

Your body is rotting away.
You thrive on raw meat.
You are immune to poison.
You have sharp fingernails.
You are carnivorous and can eat meat at any time.
Your flesh is cold resistant. (rC+)
You are immune to negative energy. (rN+++)
You do not regenerate when monsters are visible.
You are immune to unholy pain and torment.
You can survive without breathing.


Message History

You reflect the bolt off an invisible shield around you!
The bolt barely misses the yaktaur captain.
As you read the scroll of fear, it crumbles to dust.
You assume a fearsome visage.
The spriggan berserker resists with almost no effort.
The yaktaur captain easily resists.
You block the polar bear's attack.
The polar bear claws you but does no damage.
You block the polar bear's attack.
The spriggan berserker hits you but does no damage.
Blink to where?
Press: ? - help, Dir - move target cursor You are very lightly contaminated with residual magic.
As you read the scroll of blinking, it crumbles to dust.
The yaktaur captain shoots a bolt.
The bolt hits you!!
* * * LOW HITPOINT WARNING * * *
As you read the scroll of fog, it crumbles to dust.
The scroll dissolves into smoke.
You hear a shout!
The yaktaur captain shoots a bolt.
The bolt hits you!!
You die...

##..(....##...^##
##...#).<###.[.##
#....#..[##.....# ###
###..##(..###...###.#
###.####(.##.....##.###
.....###).....≈).#....#
.....).[....≈≈≈.....#####
........≈.§≈≈≈§§§§§§.§..##..#
.......≈≈....§§§@§§≈§§..##...#
...............§§§§§§...#
#...#
......)≈.§§§...§§h≈≈≈.(.#
#...#
####....≈§§§...≈..§≈....#
#...# ##.....§§.≈............#
#..c ##..........≈§.....i....#
#.. .........§§..≈≈.........#
##( ......................c.#
##C# ......................((#
##...


You could see a yaktaur captain and a polar bear (berserk).

Vanquished Creatures
  Khufu (Crypt:2)
  A juggernaut (Depths:1)
  Boris (Vaults:4)
  A greater mummy (Crypt:2)
  Frederick (Vaults:4)
  Bai Suzhen (Spider:4)
  Margery (Vaults:4)
  Xtahua (Crypt:2)
  Saint Roka (Vaults:1)
  A profane servitor (Crypt:3)
  A golden dragon (Vaults:4)
  2 bone dragons
  Jorgrun (Vaults:4)
  2 liches
  Asterion (Spider:3)
  A titan (Vaults:4)
  5 ancient champions
  2 sphinxes (Vaults:4)
  A thorn hunter (Swamp:4)
  2 shadow dragons (Vaults:4)
  Kirke (D:14)
  3 revenants
  A tengu reaver (Vaults:4)
  3 storm dragons (Vaults:4)
  6 frost giants
  3 fire giants
  5 ghost moths
  A curse skull (Crypt:3)
  9 ghouls
  7 vault wardens
  4 emperor scorpions (Spider:4)
  A spriggan defender (Depths:2)
  7 very ugly things
  16 ironheart preservers
  A war gargoyle (Vaults:1)
  An entropy weaver (shapeshifter) (Vaults:2)
  6 vampire knights
  3 entropy weavers
  8 stone giants
  4 deep elf demonologists
  Azrael (Spider:2)
  A dire elephant (D:15)
  7 spark wasps
  The ghost of execc the Carver, a journeyman OpBe of Trog (Lair:3)
  3 fire dragons
  6 yaktaur captains
  3 deep elf death magi
  An eidolon (Crypt:1)
  4 ettins
  22 jiangshi
  5 ogre magi
  Fannar (Lair:1)
  6 great orbs of eyes
  A quicksilver dragon skeleton (Crypt:1)
  4 rakshasas
  2 hell beasts
  3 deep elf high priests
  11 vault guards
  4 ghost crabs
  5 ice dragons
  9 hydras
  7 death knights
  4 deep troll earth magi
  A two-headed ogre (shapeshifter) (Vaults:1)
  A satyr (shapeshifter) (Vaults:2)
  12 alligators
  4 death yaks (Lair:6)
  28 dancing weapons
  2 vampire magi (Crypt:1)
  7 centaur warriors
  4 tengu warriors
  16 two-headed ogres
  2 deep troll shamans
  4 orc high priests
  A spriggan berserker (Depths:2)
  Urug (D:14)
  A queen ant (Lair:3)
  A titan zombie (Crypt:1)
  13 deep elf knights
  24 skeletal warriors
  2 soul eaters
  4 shadow wraiths
  9 hell knights
  A death drake (Swamp:4)
  17 deep trolls
  A spriggan druid (Swamp:4)
  An unseen horror (D:11)
  2 swamp dragons (Swamp:4)
  2 glowing orange brains
  6 flayed ghosts
  5 wizards
  A wolf spider zombie (D:15)
  14 orc knights
  4 spectral hydras (Swamp:4)
  An orange crystal statue (D:13)
  8 phantasmal warriors
  3 shambling mangroves
  6 orc sorcerers (Orc:2)
  14 ironbrand convokers
  14 harpies
  A spectral fire dragon (Crypt:3)
  13 deep elf archers
  4 necromancers
  A stone giant zombie (Crypt:2)
  A sphinx skeleton (Crypt:2)
  21 wolf spiders
  25 ugly things
  11 orb spiders
  3 cyclopes
  60 deep elf magi
  A cyclops (shapeshifter) (Vaults:1)
  2 oklob plants (Lair:2)
  8 elephants (Lair:6)
  A rust devil (Depths:1)
  2 centaur zombies
  A black mamba (shapeshifter) (Vaults:2)
  4 moths of wrath
  A guardian serpent (shapeshifter) (Vaults:4)
  23 vault sentinels
  3 gargoyles
  2 ice statues (IceCv)
  3 centaur skeletons
  Maurice (D:7)
  3 black mambas
  2 torpor snails
  A redback zombie (Crypt:2)
  15 spiny frogs
  A golden dragon simulacrum (Crypt:3)
  A komodo dragon (shapeshifter) (Vaults:4)
  3 kobold demonologists
  A yaktaur (shapeshifter) (Vaults:3)
  15 demonic crawlers
  5 rime drakes (Lair:6)
  9 freezing wraiths
  24 yaktaurs
  5 komodo dragons
  13 swamp worm zombies
  11 ice devils
  A red devil (Depths:1)
  A troll (shapeshifter) (Vaults:3)
  A tengu conjurer (Depths:1)
  A black draconian skeleton (Crypt:1)
  4 hydra zombies
  A harpy zombie (Crypt:2)
  An iron troll skeleton (Crypt:1)
  6 tyrant leeches
  A polar bear (Lair:5)
  26 hornets
  2 queen bees (shapeshifter)
  10 trolls
  23 jumping spiders
  2 large abominations (Crypt:3)
  8 blink frogs
  2 spectral swamp dragons (Swamp:4)
  Prince Ribbit (D:8)
  A tarantella zombie (Crypt:2)
  A raiju (shapeshifter) (Vaults:1)
  24 slime creatures
  A harpy skeleton (D:15)
  13 bog bodies
  3 alligator zombies (Swamp:4)
  3 hippogriffs
  10 dream sheep
  46 flying skulls (Crypt:3)
  5 spriggans
  2 air elementals (Elf:1)
  16 humans (D:14)
  8 wraiths
  4 shadows
  A tarantella (shapeshifter) (Vaults:4)
  25 tarantellas
  A water elemental (Elf:1)
  12 yaks
  4 vampires
  62 redbacks
  2 wyverns
  7 fire elementals
  A spectral elf (Crypt:3)
  A golden eye (shapeshifter) (Depths:1)
  3 hogs (D:14)
  17 vampire mosquitoes
  7 basilisks
  A wind drake skeleton (Crypt:1)
  20 insubstantial wisps
  7 soldier ants
  9 wargs
  2 porcupines
  8 hell hounds
  20 swamp worms
  2 acid dragons
  A deep troll skeleton (Crypt:2)
  13 water moccasins
  5 swamp drakes
  A black bear (shapeshifter) (Vaults:3)
  46 orc warriors
  6 ice beasts
  A black bear (D:5)
  4 swamp dragon zombies (Swamp:4)
  6 phantoms
  A sky beast (D:7)
  2 small abominations (Crypt:3)
  An ogre (shapeshifter) (Vaults:2)
  A hog zombie (Crypt:2)
  5 necrophages
  21 ogres
  The ghost of HEYYEYAAE the Digger, an amateur DgEE (D:3)
  5 boggarts (Vaults:2)
  15 centaurs
  5 big kobolds
  7 crocodiles
  A bullfrog (shapeshifter) (Vaults:1)
  11 bullfrogs
  A gnoll sergeant (D:8)
  2 earth elementals
  A wyvern zombie (D:14)
  A hippogriff skeleton (Crypt:2)
  A water moccasin zombie (D:7)
  7 scorpions
  A cyclops skeleton (Crypt:1)
  A water moccasin skeleton (D:7)
  9 killer bees
  A human simulacrum (Vaults:1)
  3 howler monkeys
  11 electric eels
  8 wights
  A wolf skeleton (Crypt:1)
  A bullfrog zombie (D:7)
  5 crimson imps
  A quasit (D:13)
  34 orc priests
  8 hounds
  2 gnoll shamans (D:8)
  10 jellies
  23 orc wizards
  A black bear skeleton (Crypt:2)
  2 bullfrog skeletons
  Ijyb (D:4)
  3 iguanas
  22 worker ants
  A sky beast zombie (Crypt:1)
  A hound zombie (D:6)
  2 hound skeletons
  A mummy (Crypt:2)
  14 adders
  13 gnolls
  A howler monkey skeleton (Crypt:2)
  2 swamp drake zombies (Swamp:4)
  5 shadow imps
  7 white imps (IceCv)
  7 ufetubi (IceCv)
  5 oozes
  3 adder skeletons
  A lava snake skeleton (Crypt:1)
  3 worms
  A barachi skeleton (Crypt:2)
  3 dart slugs
  6 leopard geckos
  105 orcs
  2 ball pythons
  7 giant cockroaches
  7 goblins
  18 hobgoblins
  12 jackals
  3 quokkas
  5 bats
  A bat (shapeshifter) (Vaults:4)
  10 frilled lizards
  A jackal skeleton (D:7)
  15 kobolds
  A leopard gecko skeleton (D:5)
  9 rats
  A briar patch (Swamp:4)
  A fungus (Lair:6)
  A plant (Lair:2)
1802 creatures vanquished.

Vanquished Creatures (collateral kills)
  Rupert (Orc:2)
  Donald (Swamp:1)
  Roxanne (Spider:1)
  A reaper (IceCv)
  A very ugly thing (Swamp:1)
  A dire elephant (Lair:6)
  A hydra (Lair:6)
  A two-headed ogre (D:7)
  A dancing weapon (Elf:2)
  Sonja (D:12)
  An orb spider (Lair:3)
  A naga mage (D:15)
  A smoke demon (Lair:6)
  An orange demon (Lair:6)
  4 ice devils
  A red devil (Lair:6)
  A tyrant leech (Swamp:3)
  A hippogriff (Lair:6)
  3 slime creatures
  2 dream sheep (Lair:6)
  A yak (Lair:6)
  A water moccasin (Lair:6)
  A hell hound (Lair:6)
  3 orc warriors
  A phantom (Swamp:4)
  A crocodile (Lair:1)
  3 killer bees (D:11)
  2 orc priests
  2 orc wizards
  A white imp (IceCv)
  An ufetubus (IceCv)
  6 orcs
  A jackal skeleton (D:9)
50 creatures vanquished.

Vanquished Creatures (others)
  A stone giant (Vaults:4)
  3 yaktaur captains
  2 centaur warriors (Vaults:3)
  A glowing orange brain (Vaults:3)
  2 deep elf magi
  3 cyclopes
  An elephant (Lair:6)
  A vault sentinel (Vaults:2)
  A spiny frog (Swamp:2)
  5 yaktaurs
  A polar bear (Lair:6)
  A hornet (Vaults:4)
  2 redbacks (Spider:3)
  A human (D:14)
  A water moccasin (Lair:6)
  An orc warrior (Vaults:4)
  4 centaurs
  4 ufetubi (IceCv)
  10 fungi (Lair:6)
  8 plants (Lair:6)
53 creatures vanquished.

Grand Total: 1905 creatures vanquished

Notes
Turn   | Place    | Note
-------+----------+-------------------------------------------
     0 | D:1      | Inarius the Ghoul Monk began the quest for the Orb.
     0 | D:1      | Reached XP level 1. HP: 19/19 MP: 0/0
   199 | D:1      | Reached XP level 2. HP: 8/26 MP: 1/1
   308 | D:1      | Reached XP level 3. HP: 18/31 MP: 2/2
  1081 | D:2      | Found a burning altar of Makhleb.
  1091 | D:2      | Reached XP level 4. HP: 22/40 MP: 3/3
  1103 | D:2      | Became a worshipper of Makhleb the Destroyer
  1103 | D:2      | Reached * piety under Makhleb
  1103 | D:2      | Reached ** piety under Makhleb
  1211 | D:2      | Found a stormy altar of Qazlal.
  1640 | D:2      | Reached XP level 5. HP: 46/46 MP: 4/4
  2479 | D:3      | Noticed HEYYEYAAE's ghost (amateur DgEE)
  2502 | D:3      | Killed HEYYEYAAE's ghost
  2502 | D:3      | Reached skill level 4 in Fighting
  2502 | D:3      | Reached skill level 1 in Armour
  2502 | D:3      | Reached skill level 5 in Unarmed Combat
  2537 | D:3      | Reached XP level 6. HP: 44/52 MP: 5/5
  3001 | D:4      | Found the +8 lance "Wyrmbane" {slay drac, rPois rF+ rC+ AC+3}
  3333 | D:4      | Reached skill level 1 in Polearms
  3357 | D:4      | Noticed Ijyb
  3366 | D:4      | Killed Ijyb
  3366 | D:4      | Reached XP level 7. HP: 57/59 MP: 6/6
  3422 | D:4      | Reached *** piety under Makhleb
  3542 | D:4      | Found a glowing golden altar of the Shining One.
  3544 | D:4      | Found a white marble altar of Elyvilon.
  3544 | D:4      | Found a shattered altar of Ashenzari.
  3593 | D:5      | Entered Level 5 of the Dungeon
  3815 | D:5      | Got a jewelled rapier
  3889 | D:5      | Reached XP level 8. HP: 66/67 MP: 7/7
  4162 | D:5      | Found an opulent altar of Gozag.
  4438 | D:6      | Found Umpicuj's Distillery.
  4458 | D:6      | Bought 2 potions of heal wounds for 110 gold pieces
  4458 | D:6      | Bought a potion of might for 44 gold pieces
  4458 | D:6      | Bought a potion of curing for 33 gold pieces
  4463 | D:6      | Found a staircase to the Ecumenical Temple.
  4502 | Temple   | Entered the Ecumenical Temple
  4570 | D:6      | Reached skill level 5 in Polearms
  4879 | D:6      | Identified the cursed +3 rapier of Disarray {flame, *Corrode rPois rF- MR+++} (You found it on level 5 of the Dungeon)
  5021 | D:6      | Found Puebyp's Jewellery Shop.
  5278 | D:7      | Reached **** piety under Makhleb
  5326 | D:7      | Reached skill level 1 in Invocations
  5603 | D:7      | Reached XP level 9. HP: 72/73 MP: 9/9
  5760 | D:7      | Reached skill level 5 in Fighting
  5784 | D:7      | Found a sacrificial altar of Ru.
  6300 | D:8      | Noticed Maurice
  6302 | D:8      | Noticed Prince Ribbit
  6350 | D:7      | Killed Maurice
  6373 | D:8      | Killed Prince Ribbit
  6395 | D:8      | Identified the Disquisition on Frigorific Ignition
  6397 | D:8      | Noticed a hornet
  6397 | D:8      | Noticed a hornet
  6400 | D:8      | Killed a hornet
  6404 | D:8      | Killed a hornet
  6404 | D:8      | Reached XP level 10. HP: 81/81 MP: 11/11
  6450 | D:8      | Noticed a two-headed ogre
  6472 | D:8      | Killed a two-headed ogre
  6588 | D:8      | Found a staircase to the Lair.
  6656 | D:8      | Reached ***** piety under Makhleb
  6685 | D:8      | Reached skill level 10 in Polearms
  7006 | D:8      | Noticed a two-headed ogre
  7010 | D:8      | Noticed a two-headed ogre
  7048 | D:7      | Killed a two-headed ogre
  7074 | D:8      | Reached skill level 6 in Fighting
  7079 | D:8      | Killed a two-headed ogre
  7110 | D:8      | Found a radiant altar of Vehumet.
  7856 | D:9      | Noticed a two-headed ogre
  7876 | D:9      | Killed a two-headed ogre
  7876 | D:9      | Reached skill level 5 in Armour
  7876 | D:9      | Reached skill level 5 in Invocations
  7876 | D:9      | Reached XP level 11. HP: 71/90 MP: 13/13
  7982 | D:9      | Found a staircase to the Orcish Mines.
  8079 | D:9      | Found a shadowy altar of Dithmenos.
  8414 | D:10     | Entered Level 10 of the Dungeon
  8748 | D:11     | Noticed a two-headed ogre
  8762 | D:11     | Killed a two-headed ogre
  9304 | D:11     | Killed an unseen horror
  9534 | D:10     | Noticed a brown ugly thing
  9543 | D:10     | Reached skill level 7 in Fighting
  9555 | D:10     | Killed a brown ugly thing
  9555 | D:10     | Reached skill level 1 in Shields
  9812 | D:10     | Found Osot's Antique Weapon Shop.
 10647 | D:12     | You fall through a shaft for 2 floors!
 10652 | D:14     | Noticed a white ugly thing
 10653 | D:14     | Noticed a cyclops
 10653 | D:14     | Noticed a white ugly thing
 10653 | D:14     | Noticed a white ugly thing
 10653 | D:14     | Noticed a deep elf mage
 10659 | D:14     | Noticed Kirke
 10660 | D:14     | Noticed a sixfirhy
 10690 | D:14     | Noticed a two-headed ogre
 10691 | D:14     | Found a gate to the Vaults.
 10691 | D:14     | Noticed a centaur warrior
 10691 | D:14     | Noticed Urug
 10709 | D:14     | Reached XP level 12. HP: 100/100 MP: 16/16
 10738 | D:14     | Killed a two-headed ogre
 10771 | D:14     | Killed a centaur warrior
 10782 | D:14     | Reached skill level 8 in Fighting
 10792 | D:14     | Killed Urug
 11030 | D:12     | Noticed Sonja
 11324 | D:13     | Reached ****** piety under Makhleb
 11561 | D:13     | Reached skill level 9 in Fighting
 12042 | D:12     | Killed Sonja
 12157 | Lair:1   | Entered Level 1 of the Lair of Beasts
 12164 | Lair:1   | Noticed Fannar
 12182 | Lair:1   | Killed Fannar
 12619 | Lair:1   | Noticed an eight-headed hydra
 12627 | Lair:1   | Killed an eight-headed hydra
 13095 | Lair:2   | Reached XP level 13. HP: 110/110 MP: 17/17
 14087 | Lair:3   | Noticed execc's ghost (journeyman OpBe)
 14421 | Lair:3   | Reached skill level 10 in Fighting
 14446 | Lair:3   | Killed execc's ghost
 14479 | Lair:3   | Found a hole to the Spider Nest.
 15940 | Lair:4   | Found a staircase to the Swamp.
 16280 | Lair:5   | Identified a scroll of acquirement
 16623 | Lair:5   | Found a frozen archway.
 16661 | IceCv    | Entered an ice cave
 16992 | IceCv    | Noticed a reaper
 17004 | IceCv    | Killed a reaper
 17771 | Lair:6   | Entered Level 6 of the Lair of Beasts
 18044 | Lair:6   | Reached skill level 10 in Invocations
 18063 | Lair:6   | Reached XP level 14. HP: 122/122 MP: 20/20
 18209 | Lair:6   | Reached skill level 11 in Fighting
 18368 | Lair:6   | Noticed a dire elephant
 18407 | Lair:6   | Killed a dire elephant
 18559 | Lair:6   | Found a burning altar of Makhleb.
 18652 | Lair:6   | Found a gateway to Hell.
 18660 | Lair:6   | Found the +3 Elemental Staff {rElec rF++ rC++ MR++ AC+5}
 19085 | Lair:6   | Found a staircase to the Slime Pits.
 19824 | Orc:1    | Entered Level 1 of the Orcish Mines
 19953 | Orc:2    | Entered Level 2 of the Orcish Mines
 20492 | Orc:2    | Noticed Rupert
 20534 | Orc:2    | Killed Rupert
 20598 | Orc:1    | Reached skill level 10 in Armour
 20606 | Orc:1    | Reached skill level 12 in Fighting
 20881 | Orc:2    | Found a staircase to the Elven Halls.
 20900 | Orc:2    | Found Micvin's General Store.
 21309 | Orc:2    | Reached XP level 15. HP: 123/131 MP: 23/23
 21569 | Orc:2    | Found Guposcho's Antique Weapon Shoppe.
 21569 | Orc:2    | Found Goclekug's Weapon Shoppe.
 21571 | Orc:2    | Found Kasizyutt's Distillery.
 21587 | Orc:2    | Found Seolaugess's Antique Weapon Emporium.
 21590 | Orc:2    | Bought a potion of heal wounds for 70 gold pieces
 22508 | D:14     | Killed Kirke
 22820 | D:15     | Entered Level 15 of the Dungeon
 23294 | D:15     | Reached skill level 5 in Dodging
 23423 | D:15     | Found a staircase to the Depths.
 23895 | Swamp:1  | Entered Level 1 of the Swamp
 24049 | Swamp:1  | Reached skill level 5 in Shields
 24462 | Swamp:1  | Noticed Donald
 24491 | Swamp:1  | Killed Donald
 25305 | Swamp:2  | Reached skill level 13 in Fighting
 25779 | Swamp:3  | Reached XP level 16. HP: 99/143 MP: 24/24
 25994 | Swamp:3  | Found an ornate altar of the Wu Jian Council.
 26452 | Swamp:3  | Noticed Mara
 26464 | Swamp:3  | Noticed Inarius's illusion
 26626 | Spider:1 | Entered Level 1 of the Spider Nest
 26909 | Spider:1 | Noticed Roxanne
 27220 | Spider:1 | Killed Roxanne
 27245 | Spider:1 | Identified Roxanne's Volume of Changing (You took it off Roxanne on level 1 of the Spider Nest)
 27919 | Spider:2 | Reached skill level 15 in Polearms
 28414 | Spider:3 | Noticed Azrael
 28544 | Spider:2 | Killed Azrael
 29273 | Spider:3 | Noticed Asterion
 29908 | Elf:1    | Entered Level 1 of the Elven Halls
 29929 | Orc:2    | Reached skill level 14 in Fighting
 30036 | Orc:2    | Reached XP level 17. HP: 123/152 MP: 26/26
 30667 | Elf:1    | Found a flickering gateway to a bazaar.
 30679 | Bazaar   | Entered a bazaar
 30698 | Bazaar   | Found Coycisol's General Store.
 30720 | Bazaar   | Found Tolop's Distillery.
 30725 | Bazaar   | Bought a potion of heal wounds for 35 gold pieces
 30725 | Bazaar   | Bought a potion of invisibility for 56 gold pieces
 30725 | Bazaar   | Bought a potion of might for 28 gold pieces
 30752 | Bazaar   | Found Pusu's General Store.
 30757 | Bazaar   | Bought a potion of curing for 36 gold pieces
 30763 | Bazaar   | Found Zogugh's Antique Armour Shoppe.
 30768 | Bazaar   | Bought a transparent hat for 243 gold pieces
 30778 | Bazaar   | Identified the +2 hat of the Hot Ocelot {rPois rC+ Str+2} (You bought it in a shop in a bazaar)
 30805 | Bazaar   | Found Yluora's Magic Scroll Emporium.
 30810 | Bazaar   | Bought a scroll of identify for 14 gold pieces
 30810 | Bazaar   | Bought a scroll of identify for 14 gold pieces
 30810 | Bazaar   | Bought a scroll of torment for 52 gold pieces
 30810 | Bazaar   | Bought a scroll of acquirement for 364 gold pieces
 30810 | Bazaar   | Bought 2 scrolls of identify for 28 gold pieces
 30810 | Bazaar   | Bought a scroll of blinking for 52 gold pieces
 30810 | Bazaar   | Bought a scroll of teleportation for 21 gold pieces
 31228 | D:6      | Bought a +4 amulet of reflection for 324 gold pieces
 31708 | Elf:1    | Identified Nuschiacs's Grimoire of Ice and Earth
 31912 | Elf:1    | You fall through a shaft!
 32039 | Elf:2    | Reached skill level 15 in Fighting
 32093 | Elf:2    | Found a runed gate.
 32093 | Elf:2    | Found a runed gate.
 32093 | Elf:2    | Found a runed gate.
 33547 | Elf:2    | Reached skill level 16 in Fighting
 33772 | Elf:2    | Reached XP level 18. HP: 166/166 MP: 27/27
 34536 | Swamp:3  | Noticed Inarius's illusion
 34881 | Swamp:4  | Entered Level 4 of the Swamp
 35477 | Swamp:4  | Reached skill level 17 in Fighting
 35731 | Swamp:4  | Noticed a bone dragon
 35763 | Swamp:4  | Killed a bone dragon
 35861 | Swamp:3  | Noticed Inarius's illusion
 35875 | Swamp:2  | Noticed Inarius's illusion
 36640 | Swamp:4  | Got a decaying rune of Zot
 37071 | Spider:3 | Killed Asterion
 37340 | Spider:4 | Entered Level 4 of the Spider Nest
 38071 | Spider:4 | Noticed Bai Suzhen
 38097 | Spider:4 | Killed Bai Suzhen
 38097 | Spider:4 | Reached skill level 18 in Fighting
 39357 | Spider:4 | Reached XP level 19. HP: 177/180 MP: 28/28
 39525 | Spider:4 | Upgraded the game from 0.21.1 to 0.21.1-1-g345015f
 39698 | Spider:4 | Got a gossamer rune of Zot
 40102 | Vaults:1 | Entered Level 1 of the Vaults
 40201 | D:14     | Reached skill level 5 in Stealth
 40327 | D:14     | Reached skill level 19 in Fighting
 40687 | Vaults:1 | Noticed Saint Roka
 40712 | Vaults:1 | Killed Saint Roka
 41035 | Vaults:1 | Found Somaqasm's Antique Armour Shop.
 41265 | Vaults:1 | Reached skill level 20 in Fighting
 42225 | Vaults:2 | Got a slimy cloak
 42243 | Vaults:2 | Identified the -3 cloak "Foufiq" {+Fly rPois Regen+ Str-2} (You found it on level 2 of the Vaults)
 42660 | Vaults:2 | Reached XP level 20. HP: 195/195 MP: 29/29
 42877 | Vaults:2 | Got a brightly glowing chain mail
 42881 | Vaults:2 | Identified the +7 chain mail of Sobaf {-Cast rElec rCorr Slay-4} (You took it off an orc on level 2 of the Vaults)
 43070 | Vaults:2 | Reached skill level 21 in Fighting
 44536 | Vaults:3 | Reached skill level 22 in Fighting
 45083 | Vaults:3 | Reached XP level 21. HP: 209/209 MP: 30/30
 45469 | Vaults:3 | Found a staircase to the Crypt.
 45589 | Vaults:3 | You fall through a shaft!
 45593 | Vaults:4 | Noticed Frederick
 45626 | Vaults:4 | Killed Frederick
 45740 | Vaults:4 | Noticed Margery
 46093 | Vaults:4 | Reached skill level 23 in Fighting
 46450 | Vaults:4 | Noticed Boris
 46464 | Vaults:4 | Noticed a golden dragon
 46652 | Vaults:4 | Killed Margery
 46699 | Vaults:4 | Found Cucil's Antique Armour Boutique.
 47395 | Vaults:4 | Noticed Jorgrun
 47416 | Vaults:4 | Killed Jorgrun
 47591 | Vaults:4 | Reached XP level 22. HP: 212/222 MP: 31/31
 47670 | Vaults:4 | Killed a golden dragon
 47670 | Vaults:4 | Reached skill level 24 in Fighting
 47833 | Vaults:4 | Killed Boris
 48218 | Crypt:1  | Entered Level 1 of the Crypt
 49705 | Crypt:2  | Noticed Xtahua
 49763 | Crypt:2  | Noticed Khufu
 49789 | Crypt:2  | Killed Khufu
 49789 | Crypt:2  | Reached skill level 25 in Fighting
 49796 | Crypt:2  | Noticed a greater mummy
 49811 | Crypt:2  | Killed a greater mummy
 50384 | Crypt:2  | Paralysed by Xtahua for 5 turns
 50391 | Crypt:2  | Killed Xtahua
 50569 | Crypt:3  | Entered Level 3 of the Crypt
 50883 | Crypt:3  | Reached XP level 23. HP: 234/234 MP: 32/32
 50954 | Crypt:3  | Found a basalt altar of Yredelemnul.
 51472 | Crypt:3  | Got a steaming bone ring
 51484 | Crypt:3  | Identified the ring of Starshine {rN+ Stlth-} (You found it on level 3 of the Crypt)
 51501 | Crypt:3  | Reached skill level 26 in Fighting
 51535 | Crypt:3  | Got a scintillating ivory amulet
 51540 | Crypt:3  | Identified the amulet of Bifyun {rF+ Regen+} (You took it off a skeletal warrior on level 3 of the Crypt)
 51822 | Crypt:3  | Found a staircase to the Tomb.
 51851 | Crypt:3  | Got a scorched silver ring
 51851 | Crypt:3  | Got a heavily runed ivory ring
 51856 | Crypt:3  | Identified the ring "Lucleysm" {rN+ MP+9} (You found it on level 3 of the Crypt)
 51857 | Crypt:3  | Identified the ring "Hygguw" {rN+ Slay+2} (You found it on level 3 of the Crypt)
 51924 | Crypt:3  | Found the +7 sceptre of Torment
 52232 | Depths:1 | Entered Level 1 of the Depths
 52675 | Depths:1 | Found a one-way gate to the infinite horrors of the Abyss.
 53187 | Depths:1 | Noticed a juggernaut
 53199 | Depths:1 | Killed a juggernaut
 53572 | Depths:1 | Found Jydghienn's Gadget Shop.
 53572 | Depths:1 | Found Goeph's Jewellery Shoppe.
 53573 | Depths:1 | Found Murahae's Gadget Shop.
 54283 | Depths:2 | Reached XP level 24. HP: 153/247 MP: 32/32
 54307 | Depths:2 | Shot with a bolt by a yaktaur captain

Skill      XL: |  1  2  3  4  5  6  7  8  9 10 11 12 13 14 15 16 17 18 19 20 21 22 23 |
---------------+----------------------------------------------------------------------+-----
Dodging        | 3 4 5 6 7 8 |  8.5
Unarmed Combat | 4 5 |  5.6
Stealth        | 3 4 5 |  5.0
Fighting       | 4 5 6 7 9 10 12 13 14 16 18 20 22 23 25 26 | 26.8
Armour         | 1 2 3 4 5 6 7 8 10 11 12 | 12.1
Polearms       | 1 4 6 9 11 12 13 14 15 16 17 18 19 20 | 20.0
Invocations    | 1 3 5 6 7 10 12 13 14 | 14.6
Shields        | 1 3 4 5 8 |  8.0
Throwing       | |  0.8

Action                   |  1- 3 |  4- 6 |  7- 9 | 10-12 | 13-15 | 16-18 | 19-21 | 22-24 || total
-------------------------+-------+-------+-------+-------+-------+-------+-------+-------++-------
Melee: Unarmed           |    92 |   181 |       |       |       |       |       |       ||   273
       Punch             |     4 |     1 |     2 |     3 |       |       |       |       ||    10
       Lance             |       |    37 |   292 |   843 |  2277 |  2734 |  2341 |  1657 || 10181
Throw: Tomahawk          |       |       |     5 |       |       |       |       |       ||     5
Invok: Minor Destruction |       |       |     7 |    51 |   192 |   141 |    10 |     8 ||   409
       Lesser Servant of |       |       |       |     8 |    33 |    22 |       |     1 ||    64
       Major Destruction |       |       |       |       |     3 |    17 |     1 |       ||    21
       Greater Servant o |       |       |       |       |       |     6 |     3 |       ||     9
Evoke: Wand              |       |       |     8 |       |     2 |     1 |       |     1 ||    12
  Use: Scroll            |       |    10 |     1 |    14 |    13 |    30 |     4 |    10 ||    82
       Potion            |       |     2 |     1 |     1 |     4 |    26 |       |     3 ||    37
 Stab: Sleeping          |     2 |     1 |       |       |       |       |       |       ||     3
       Distracted        |       |       |       |     4 |     3 |     3 |       |       ||    10
       Invisible         |       |       |       |       |       |     1 |       |       ||     1
  Eat: Chunk             |    17 |    26 |    36 |    78 |   183 |   184 |    96 |    51 ||   671
       Ration            |       |       |       |       |     1 |       |       |       ||     1
Armor: Robe              |    15 |     1 |       |       |       |       |       |       ||    16
       Leather armour    |       |     8 |       |       |       |       |       |       ||     8
       Ring mail         |       |    43 |     3 |       |       |       |       |       ||    46
       Chain mail        |       |       |    47 |       |       |       |       |       ||    47
       Plate armour      |       |       |    51 |   321 |   977 |  1586 |   796 |   268 ||  3999
       Fire dragon scale |       |       |       |       |       |       |       |   244 ||   244
Dodge: Dodged            |    55 |   103 |    65 |   107 |   362 |   631 |   374 |   276 ||  1973
Block: Shield            |       |       |       |   119 |   664 |  1391 |  1125 |   691 ||  3990
       Reflection        |       |       |       |       |       |    18 |   123 |    15 ||   156
